 Dungeon Crawl Stone Soup version 0.24.1-8-ga250c9d538 (webtiles) character file.

Game seed: 10718315944380758871, levelgen mode: deterministic

79 Hugehornet the Changer (level 4, -1/28 HPs)
             Began as an Octopode Transmuter on May 3, 2020.
             Slain by Grinder (3 damage)
             ... on level 3 of the Dungeon.
             The game lasted 00:03:30 (2577 turns).

Hugehornet the Changer (Octopode Transmuter)        Turns: 2577, Time: 00:03:31

Health: -1/28      AC:  1    Str:  9    XL:     4   Next: 37%
Magic:  5/7        EV: 13    Int: 16    God:
Gold:   158        SH:  0    Dex: 12    Spells: 1/7 levels left

rFire    . . .     SeeInvis .     - Unarmed
rCold    . . .     Gourm    .   (no shield)
rNeg     . . .     Faith    .   (helmet restricted)
rPois    .         Spirit   .   (no amulet)
rElec    .         Reflect  .   (no ring)
rCorr    .         Harm     .   (no ring)
MR       .....                  (no ring)
Stlth    ++........             (no ring)
HPRegen  0.09/turn              (no ring)
MPRegen  0.10/turn              (no ring)
                                (no ring)
                                (no ring)

@: no status effects
A: almost no armour, stealthy swim, amphibious, 8 rings, constrict 8, camouflage
1, gelatinous body 1
a: no special abilities


You were on level 3 of the Dungeon.
You were not hungry.

You visited 1 branch of the dungeon, and saw 3 of its levels.

You collected 158 gold pieces.

Inventory:

Missiles
 a - 68 arrows
Armour
 h - a +0 shield
Jewellery
 d - a cursed ring of attention {unknown}
 m - an uncursed amulet of faith {unknown}
Scrolls
 b - 2 scrolls of enchant weapon {unknown}
 i - a scroll of fear {unknown}
 l - a scroll of remove curse {unknown}
 o - a scroll of random uselessness {unknown}
 q - a scroll of immolation {unknown}
Potions
 e - a potion of heal wounds {unknown}
 f - a potion of agility {unknown}
 g - a potion of berserk rage {unknown}
 j - 2 potions of brilliance {unknown}
 k - a potion of mutation {unknown}
 n - a potion of resistance {unknown}
Comestibles
 c - 10 rations
 p - 4 chunks of flesh


   Skills:
 - Level 1.0 Fighting
 - Level 2.0 Dodging
 - Level 3.0 Unarmed Combat
 - Level 2.0 Spellcasting
 + Level 4.5 Transmutations


You had one spell level left.
You knew the following spells:

 Your Spells              Type           Power        Failure   Level  Hunger
a - Beastly Appendage     Tmut           ###...       3%          1    #......
b - Sticks to Snakes      Tmut           ###.....     4%          2    ###....
c - Spider Form           Tmut/Pois      #.........   24%         3    ###....

Your spell library contained the following spells:

 Spells                   Type           Power        Failure   Level  Hunger
 Ice Form                 Ice/Tmut       #.......     63%         4    #####..
 Blade Hands              Tmut           ###.......   65%         5    ######.


Dungeon Overview and Level Annotations

Branches:
Dungeon (3/15)

Altars:
Qazlal

Annotations:
D:3 Grinder


Innate Abilities, Weirdness & Mutations

You cannot wear most types of armour.
You are very stealthy in the water. (Stealth+)
You are amphibious.
You can wear up to eight rings at the same time.
You can use your tentacles to constrict eight enemies at once.
Your skin changes colour to match your surroundings (Stealth+).
Your rubbery body absorbs attacks. (AC +1, EV +1)


Message History

You barely miss Grinder.
Grinder is moderately wounded.
Grinder completely misses you.
You hit Grinder.
Grinder is heavily wounded.
Grinder misses you.
You hit Grinder.
Grinder is heavily wounded.
Grinder says, "DUCK!"
Grinder hits you but does no damage.
You hit Grinder.
Grinder is heavily wounded.
Grinder barely misses you.
You barely miss Grinder.
Grinder is heavily wounded.
Your transformation has ended.
Grinder hits you!
* * * LOW HITPOINT WARNING * * *
You writhe in agony.
You die...

.. #. #### ###..#####
###...##### ##......†..
#E#...#E#.#.##.#..####.
.###...###.#.##.#..##...
...................#....
#...._.....###..#.##....
......5@..!.....#.##.##.
.###...######...........
#E#...#E# #..##......#
###...### #..........#
#..#.##.##.###[.....#
#.##.......###....... #.
####.............. ..
########.###.#. #.##....


You could see an earth elemental, a water elemental, Grinder, a fire elemental
and an air elemental.

Vanquished Creatures
  2 adders (D:3)
  2 oozes
  A dart slug (D:1)
  A leopard gecko (D:3)
  An orc (D:3)
  2 ball pythons
  7 bats
  A giant cockroach (D:1)
  7 hobgoblins
  4 jackals (D:3)
  A quokka (D:2)
  4 frilled lizards
  6 goblins
  3 kobolds
  3 rats
45 creatures vanquished.

Notes
Turn   | Place    | Note
-------+----------+-------------------------------------------
     0 | D:1      | Hugehornet the Octopode Transmuter began the quest for the
                  | Orb.
     0 | D:1      | Reached XP level 1. HP: 13/13 MP: 3/3
   309 | D:1      | Reached XP level 2. HP: 17/18 MP: 3/5
   378 | D:1      | Reached skill level 3 in Transmutations
   784 | D:1      | Reached XP level 3. HP: 22/23 MP: 4/6
   810 | D:1      | Learned a level 2 spell: Sticks to Snakes
   814 | D:1      | Learned a level 3 spell: Spider Form
  2281 | D:3      | Reached skill level 4 in Transmutations
  2364 | D:3      | Reached XP level 4. HP: 28/28 MP: 5/7
  2558 | D:3      | Found a stormy altar of Qazlal.
  2559 | D:3      | Noticed a fire elemental
  2559 | D:3      | Noticed Grinder
  2562 | D:3      | Noticed an earth elemental
  2562 | D:3      | Noticed a water elemental
  2562 | D:3      | Noticed an air elemental
  2577 | D:3      | Slain by Grinder

Levels and vault maps discovered:
D:1:      roderic_octagonal_star, layout_basic
D:2:      layout_basic, first_ration, minmay_distorted
D:3:      layout_loops_cross, chequers_temple_overflow_statue_of_worship,
          nicolae_qazlal_style_of_elements, uniq_grinder

Skill      XL: |  1  2  3 |
---------------+----------+-----
Transmutations | 3 4 |  4.5
Fighting       | |  1.0
Dodging        | |  2.0
Unarmed Combat | |  3.0
Spellcasting   | |  2.0

Action                   |  1- 3 |  4- 6 || total
-------------------------+-------+-------++-------
Melee: Unarmed           |    98 |    27 ||   125
       Constrict         |    24 |     3 ||    27
       Tentacles         |    15 |     1 ||    16
       Kick              |    15 |     6 ||    21
 Cast: Beastly Appendage |    30 |     2 ||    32
       Spider Form       |       |     1 ||     1
 Stab: Sleeping          |     5 |       ||     5
  Eat: Chunk             |     3 |       ||     3
       Ration            |     1 |       ||     1
Armor: Skin              |    10 |     3 ||    13
Dodge: Dodged            |    67 |    15 ||    82
Block: Shield            |     5 |       ||     5
